 Dungeon Crawl Stone Soup version 0.26-a0-362-g1d9a9cd4fa (webtiles) character file.

Game seed: 2281017515031120754

116 BritishOli the Skirmisher (level 4, -3/37 HPs)
             Began as a Demonspawn Fighter on July 18, 2020.
             Slain by an orc
             ... wielding a +0 flail
              (4 damage)
             ... on level 3 of the Dungeon.
             The game lasted 00:01:39 (2286 turns).

BritishOli the Skirmisher (Demonspawn Fighter)      Turns: 2286, Time: 00:01:40

Health: -3/37      AC:  6    Str: 15 (17) XL:     4   Next: 70%
Magic:  4/4        EV:  6    Int:  9 (10) God:
Gold:   163        SH: 12    Dex: 10 (12) Spells: 3/3 levels left

rFire    . . .     SeeInvis .   a - +0 long sword
rCold    . . .     Faith    .   c - +0 kite shield
rNeg     . . .     Spirit   .   b - +0 scale mail
rPois    .         Reflect  .   (no helmet)
rElec    .         Harm     .   (no cloak)
rCorr    .                      (no gloves)
MR       .....                  (no boots)
Stlth    ..........             (no amulet)
HPRegen  0.12/turn              (no ring)
MPRegen  0.09/turn              (no ring)

@: lethally poisoned (-3 -> -4)
A: claws 1, large bone plates 1
a: no special abilities


You were on level 3 of the Dungeon.
You visited 1 branch of the dungeon, and saw 3 of its levels.

You collected 163 gold pieces.

Inventory:

Hand Weapons
 a - a +0 long sword (weapon)
Armour
 b - a +0 scale mail (worn)
 c - a +0 kite shield (worn)
Jewellery
 u - a cursed ring of teleportation {unknown}
Wands
 q - a wand of polymorph (1)
Scrolls
 e - 2 scrolls of identify {unknown}
 g - 2 scrolls of amnesia {unknown}
 h - a scroll of noise {unknown}
 j - a scroll of immolation {unknown}
 k - a scroll of magic mapping {unknown}
 l - a scroll of enchant weapon {unknown}
 n - 2 scrolls of remove curse {unknown}
 p - 5 scrolls of teleportation {unknown}
 s - a scroll of fear {unknown}
 t - a scroll of random uselessness {unknown}
Potions
 d - 3 potions of might
 f - 2 potions of degeneration
 i - a potion of heal wounds
 m - 3 potions of mutation {unknown}
 o - a potion of curing {unknown}
 r - 2 potions of lignification {unknown}


   Skills:
 + Level 3.7 Fighting
 + Level 2.7 Long Blades
 + Level 3.4 Armour
 + Level 3.4 Shields


You had 3 spell levels left.
You didn't know any spells.
Your spell library contained the following spells:

 Spells                   Type           Power        Failure   Level
 Corona                   Hex            #......      100%        1
 Ensorcelled Hibernation  Hex/Ice        #.....       100%        2
 Confusing Touch          Hex            #.......     100%        3
 Dazzling Flash           Conj/Hex       #.....       100%        3
 Tukima's Dance           Hex            #.......     100%        3


Dungeon Overview and Level Annotations

Branches:
Dungeon (3/15)

Altars:
Makhleb
Yredelemnul


Innate Abilities, Weirdness & Mutations

You have sharp fingernails.
You are partially covered in large bone plates. (SH +4)


Message History

Ijyb is moderately wounded.
You block Ijyb's attack. x2
Your shield prevents you from hitting Ijyb.
Ijyb is moderately wounded.
You feel sick. Ijyb bites you but does no damage. Ijyb bites you.
* * * LOW HITPOINT WARNING * * *
Your shield prevents you from hitting Ijyb.
Ijyb is moderately wounded.
Ijyb closely misses you.
You riposte.
You slash Ijyb!
Ijyb is severely wounded.
Ijyb bites you.
* * * LOW HITPOINT WARNING * * *
You slash Ijyb!
You kill Ijyb!
Ijyb returns to her original shape as she dies.
You feel your strength returning.
You feel your dexterity returning.
You closely miss the orc.
* * * LOW HITPOINT WARNING * * *
You feel sick. The orc hits you with a +0 flail.
You die...

#.#......#+#### #......†...
#.##.#.#..†...####+###.....
#...+.......# #.#######.
##.##.......###.##......
#.##..............#####
#..###+###.#####†.# #
#...†...##.......# #
##.###.#.##.#.....# #
#<..##@#.##.#.#.### #
###.##o#....#....# #
#.†#z#########.# # #§§§z..#
#.# #§§....# #.# #§§....#
#.# #§.....# #.######
#†......# #.......
#.....### ########


You could see 2 wights and an orc.

Vanquished Creatures
  A hound (D:3)
  An adder (D:2)
  3 worms
  A dart slug (D:2)
  5 leopard geckos
  An orc (D:3)
  7 bats
  6 giant cockroaches
  2 gnoll zombies (D:2)
  6 goblins
  4 hobgoblins
  4 jackals
  A quokka (D:3)
  A ball python (D:2)
  2 frilled lizards
  5 kobolds
  6 rats
56 creatures vanquished.

Vanquished Creatures (others)
  An orc (D:3)
1 creature vanquished.

Grand Total: 57 creatures vanquished

Notes
Turn   | Place    | Note
-------+----------+-------------------------------------------
     0 | D:1      | BritishOli the Demonspawn Fighter began the quest for the
                  | Orb.
     0 | D:1      | Reached XP level 1. HP: 18/18 MP: 1/1
   224 | D:1      | Gained mutation: You have sharp fingernails. [demonic
                  | ancestry]
   224 | D:1      | Reached XP level 2. HP: 24/24 MP: 2/2
   725 | D:1      | Reached XP level 3. HP: 28/29 MP: 3/3
  1575 | D:2      | Found a basalt altar of Yredelemnul.
  1988 | D:3      | Found a burning altar of Makhleb.
  2075 | D:3      | Gained mutation: You are partially covered in large bone
                  | plates. (SH +4) [demonic ancestry]
  2075 | D:3      | Reached XP level 4. HP: 31/35 MP: 4/4
  2257 | D:3      | Noticed Ijyb
  2274 | D:3      | Noticed Ijyb
  2274 | D:3      | Ijyb changed into Ijyb the hound
  2275 | D:3      | Noticed Ijyb
  2275 | D:3      | Ijyb the hound changed into Ijyb the worker ant
  2277 | D:3      | Noticed Ijyb
  2277 | D:3      | Ijyb the worker ant changed into Ijyb the killer bee
  2278 | D:3      | Noticed Ijyb
  2278 | D:3      | Ijyb the killer bee changed into Ijyb the bullfrog
  2280 | D:3      | Noticed Ijyb
  2280 | D:3      | Ijyb the bullfrog changed into Ijyb the hound
  2284 | D:3      | HP: 1/36 [Ijyb the hound (3)]
  2285 | D:3      | Killed Ijyb the hound
  2286 | D:3      | Slain by an orc

Illustrated notes

Levels and vault maps discovered:
D:1:      saegor_arrival_simple_e, layout_basic, kennysheep_another_room,
          minmay_tromino_mix6
D:2:      layout_loops_ring, lemuel_zombie_altar_yredelemnul, kennysheep_potato
D:3:      layout_basic, grunt_dithmenos_smoke, lemuel_tele_altar, uniq_ijyb,
          uniq_sigmund

Skill      XL: |  1  2 |
---------------+-------+-----
Long Blades    | 2 |  2.7
Shields        | 3 |  3.4
Armour         | 3 |  3.4
Fighting       | |  3.7

Action                   |  1- 3 |  4- 6 || total
-------------------------+-------+-------++-------
Melee: Long sword        |   135 |    48 ||   183
Evoke: Wand              |       |     7 ||     7
  Use: Potion            |     2 |       ||     2
Armor: Scale mail        |    72 |    27 ||    99
Dodge: Dodged            |    45 |    16 ||    61
Block: Kite shield       |    72 |    42 ||   114
       Rpst.: Long sword |    15 |     9 ||    24

Table legend:
 A = Non-vault XP
 B = Vault XP
 C = Vault XP percentage of total XP
 D = Non-vault monster count
 E = Vault monster count
 F = Vault count percentage of total count
                 A         B        C        D         E       F
            +---------+---------+-------+---------+---------+-------
      Total |     105 |      62 |  37.1 |      47 |       9 |  16.1
            +---------+---------+-------+---------+---------+-------
        D:1 |      35 |       6 |  14.6 |      19 |       3 |  13.6
        D:2 |      37 |      11 |  22.9 |      13 |       5 |  27.8
        D:3 |      33 |      45 |  57.7 |      15 |       1 |   6.2
            +---------+---------+-------+---------+---------+-------
